[Event "*** Titled Tuesday Blitz"]
[Site "Chess.com"]
[Date "2020.12.29"]
[Round "10"]
[White "03revilo"]
[Black "MIJuanReyesRosa"]
[Result "0-1"]
[WhiteElo "2281"]
[BlackElo "2090"]
[TimeControl "180+1"]
[EndTime "11:54:30 PST"]
[Termination "MIJuanReyesRosa won by checkmate"]

1. c4 g6 2. Nc3 Bg7 3. Nf3 c5 4. e3 Nf6 5. d4 cxd4 6. exd4 O-O 7. Bg5 h6 8. Bxf6 Bxf6 9. Qd2 Bg7 10. h4 d6 11. h5 g5 12. Be2 Bg4 13. Nxg5 Bxe2 14.
Nxe2 hxg5 15. Qxg5 e6 16. Qg4 f5 17. Qg3 Qa5+ 18. Kf1 f4 19. Nxf4 Rxf4 20. Qxf4 Qf5 21. Qxd6 Nc6 22. Rd1 Rd8 23. Qg3 Rxd4 24. Rxd4 Nxd4 25.
Kg1 Ne2+ 26. Kh2 Nxg3 27. Kxg3 Be5+ 28. Kh4 Qxf2+ 29. Kg5 Qf4+ 30. Kg6 Qf6# 0-1

[Event "*** Titled Tuesday Blitz"]
[Site "Chess.com"]
[Date "2020.12.29"]
[Round "10"]
[White "pavelalexandru07"]
[Black "Forantes"]
[Result "0-1"]
[WhiteElo "2270"]
[BlackElo "2379"]
[TimeControl "180+1"]
[EndTime "11:54:31 PST"]
[Termination "Forantes won by resignation"]

1. e4 c5 2. Nf3 Nc6 3. d4 cxd4 4. Nxd4 e5 5. Nb5 a6 6. Nd6+ Bxd6 7. Qxd6 Qf6 8. Qd1 Qg6 9. Nc3 d5 10. Nxd5 Qxe4+ 11. Be3 Nd4 12. Nc7+ Ke7 13. Nxa8 Nxc2+ 14. Kd2 Nxe3 15. fxe3 Nf6 16. Bd3 Rd8 17. Kc2 Qc6+ 18. Kb1 e4 19. Qb3 exd3 20. Rc1 d2 21. Qb4+ Rd6 22. Rxc6 d1=Q+ 23. Rc1 Qd3+ 24. Rc2 Qf1+ 25. Rc1 Bf5+ 26. e4 Qd3+ 27. Rc2 Bxe4 0-1

[Event "*** Titled Tuesday Blitz"]
[Site "Chess.com"]
[Date "2020.12.29"]
[Round "10"]
[White "platy3"]
[Black "BogdanDeac"]
[Result "1-0"]
[WhiteElo "2877"]
[BlackElo "3009"]
[TimeControl "180+1"]
[EndTime "11:54:32 PST"]
[Termination "platy3 won on time"]

1. e4 e5 2. Nf3 Nc6 3. Bb5 Nf6 4. O-O Nxe4 5. Re1 Nd6 6. Nxe5 Be7 7. Bf1 Nf5 8. Nf3 d5 9. d4 O-O 10. c3 Re8 11. Bf4 Bd6 12. Bxd6 Nxd6 13. Nbd2 Ne7 14. Ne5 Ng6 15. Ndf3 c6 16. Bd3 Nf8 17. Bc2 f6 18. Nd3 Bf5 19. Rxe8 Qxe8 20. Nc5 Bg4 21. Qd3 Qh5 22.
Nd2 Bf5 23. Qg3 Rd8 24. Bxf5 Qxf5 25. Re1 b6 26. Re7 Ng6 27. Ne6 Re8 28. Rxg7+ Kh8 29. Rd7 Ne4 30. Qc7 1-0

[Event "*** Titled Tuesday Blitz"]
[Site "Chess.com"]
[Date "2020.12.29"]
[Round "10"]
[White "Kosak12"]
[Black "Brave_spirit12"]
[Result "1-0"]
[WhiteElo "2764"]
[BlackElo "2546"]
[TimeControl "180+1"]
[EndTime "11:54:32 PST"]
[Termination "Kosak12 won on time"]

1. d4 Nf6 2. c4 e6 3. Nc3 d5 4.
cxd5 exd5 5. Bg5 Be7 6. e3 O-O 7. Bd3 c6 8. Qc2 h6 9. Bxf6 Bxf6 10. Nf3 Na6 11. a3 Nc7 12. O-O Be7 13. b4 Bd6 14. Rab1 Re8 15. a4 Bg4 16. Nd2 Bh5 17. Bf5 Ne6 18.
b5 Ng5 19. Rfe1 Qf6 20. f4 Ne6 21. g3 Nf8 22. Qd3 Re7 23. a5 Rae8 24. a6 Bb8 25. axb7 Rxb7 26. bxc6 Qxc6 27. Rxb7 Qxb7 28. Rb1 Qc6 29.
Rb5 Bg6 30. Bxg6 Nxg6 31. Rxd5 Rc8 32. Rc5 Qb7 33. Qb5 Qxb5 34. Rxc8+ 1-0

[Event "*** Titled Tuesday Blitz"]
[Site "Chess.com"]
[Date "2020.12.29"]
[Round "10"]
[White "WPWPWP-2015"]
[Black "Vesper2018"]
[Result "0-1"]
[WhiteElo "2469"]
[BlackElo "2625"]
[TimeControl "180+1"]
[EndTime "11:54:32 PST"]
[Termination "Vesper2018 won by resignation"]

1. e4 c5 2. Nf3 d6 3. d4 cxd4 4. Nxd4 Nf6 5. Nc3 a6 6. h3 e5 7. Nde2 h5 8. Nd5 Nxe4 9. g3 Nc6 10. Be3 Nc5 11. Bg2 Be6 12. Nec3 Be7 13. a3 h4 14. b4 Nd7 15. g4 O-O 16. Qd2 Rc8 17.
Nxe7+ Qxe7 18. Bg5 f6 19. Bxh4 Nd4 20. O-O Rxc3 21. Rfe1 Rxc2 22. Qe3 Rfc8 23. Rad1 R2c3 24. Qe4 d5 25. Qg6 Qf7 26. Qb1 Nf3+ 27. Bxf3 Rxf3 28. Bg3 d4 29. Rc1 Rfc3 30. Rcd1 Bd5 31. a4 Bf3 32. Rd2 Qd5 33. Kh2 e4 34. Qb2 Ne5 35. Qa1 Nd3 36. Rg1 e3 37. fxe3 dxe3 38. Rdg2 Bxg2 39. Rxg2 Rc2 0-1

[Event "*** Titled Tuesday Blitz"]
[Site "Chess.com"]
[Date "2020.12.29"]
[Round "10"]
[White "Vuk2000"]
[Black "hansen"]
[Result "0-1"]
[WhiteElo "2821"]
[BlackElo "2905"]
[TimeControl "180+1"]
[EndTime "11:54:36 PST"]
[Termination "hansen won by resignation"]

1. d4 Nf6 2. Bg5 d5 3. Bxf6 exf6 4. e3 Bd6 5. c4 dxc4 6. Bxc4 f5 7. Nc3 Nd7 8. Nf3 a6 9. O-O O-O 10. Rb1 Nf6 11. b4 g6 12. a4 c6 13. b5 a5 14.
Qb3 Qe7 15. Rfe1 Ne4 16. Nxe4 fxe4 17. Nd2 Bb4 18. Qc2 cxb5 19. Bxb5 Be6 20. Red1 Bd5 21. Bc4 Rfc8 22. Qb3 Rxc4 23. Nxc4 Qe6 24. Rbc1 Rc8 25. Qb2 Rxc4 26. Rxc4 Bxc4 27. d5 Bxd5 28. h4 h5 29.
Qd4 Bc6 30. Qd8+ Kg7 31. Qb8 Be7 32. g3 Bxa4 33. Ra1 Qd5 34. Rc1 Bc6 35. Qa7 a4 36.
Qb6 a3 37. Qb1 0-1

[Event "*** Titled Tuesday Blitz"]
[Site "Chess.com"]
[Date "2020.12.29"]
[Round "10"]
[White "ftorodent"]
[Black "SaraciNderim"]
[Result "1-0"]
[WhiteElo "2667"]
[BlackElo "2823"]
[TimeControl "180+1"]
[EndTime "11:54:37 PST"]
[Termination "ftorodent won by checkmate"]

1. d4 Nf6 2. c4 g6 3. Nf3 Bg7 4. Nc3 O-O 5. e4 d6 6. Be2 c5 7. O-O cxd4 8. Nxd4 Nc6 9. Be3 Bd7 10. Qd2 Nxd4 11.
Bxd4 Bc6 12. f3 a5 13. b3 Nd7 14. Be3 Nc5 15. Rab1 Qb6 16. Rfc1 Rfc8 17. Bf1 h5 18.
Kh1 Kh7 19. Bg5 Qd8 20. Rd1 Qf8 21. Re1 Bh6 22. Bxh6 Qxh6 23. Qxh6+ Kxh6 24. e5 dxe5 25. Rxe5 Ne6 26. Nd5 Bxd5 27. cxd5 Rc5 28. Rbe1 Nf4 29. Rxe7 Nxd5 30. Rxb7 Rc2 31. Rxf7 Rxa2 32. h4 a4 33. Bc4 Nb6 34. Ree7 Rh8 35. Bd3 Nd5 36. Re6 Rg8 37.
bxa4 Rxa4 38. Be4 Nc3 39. Ree7 Nxe4 40. Rh7# 1-0

[Event "*** Titled Tuesday Blitz"]
[Site "Chess.com"]
[Date "2020.12.29"]
[Round "10"]
[White "Deepweb2020"]
[Black "Michaelson_11"]
[Result "0-1"]
[WhiteElo "2333"]
[BlackElo "2215"]
[TimeControl "180+1"]
[EndTime "11:54:38 PST"]
[Termination "Michaelson_11 won by checkmate"]

1. d4 Nf6 2. c4 g6 3. g3 Bg7 4. Bg2 O-O 5. Nf3 d6 6. O-O c6 7. Nc3 Qb6 8. e4 Bg4 9. Na4 Qa6 10. b3 Nxe4 11. Re1 d5 12. Bf1 b5 13. cxd5 cxd5 14.
Bf4 Qf6 15. Nb2 g5 16. Nd3 gxf4 17. Nxf4 e6 18. h3 Bxf3 19. Qxf3 Ng5 20. Qg4 Nc6 21. Rad1 Qf5 22. Qh5 Nxd4 23. Bd3 Ngf3+ 24. Qxf3 Nxf3+ 25.
Kf1 Qxd3+ 26. Nxd3 Nxe1 27. Nxe1 Rac8 28. a4 bxa4 29. bxa4 Rc4 30. a5 Ra4 31. Rb1 Rxa5 32. Rb7 Ra1 33. Ke2 Rc8 34. Nf3 Bf6 35. g4 Rc2+ 36. Kd3 Rc3+ 37. Ke2 Ra2+ 38. Kf1 Rxf3 39. g5 Rfxf2+ 40. Kg1 Rfb2 41. h4 Ra1# 0-1

[Event "*** Titled Tuesday Blitz"]
[Site "Chess.com"]
[Date "2020.12.29"]
[Round "10"]
[White "carloseduar100"]
[Black "MillyNeuf"]
[Result "1/2-1/2"]
[WhiteElo "2126"]
[BlackElo "2325"]
[TimeControl "180+1"]
[EndTime "11:54:39 PST"]
[Termination "Game drawn by repetition"]

1. e4 c5 2. Nf3 d6 3. d3 Nf6 4. g3 g6 5. Bg2 Bg7 6. O-O O-O 7. Re1 e5 8. Nbd2 Nc6 9. c3 h6 10. h3 Be6 11. Nf1 Nh7 12. a3 f5 13. b4 b6 14. Bb2 g5 15. d4 fxe4 16. Rxe4 Bd5 17. Re3 exd4 18. cxd4 cxd4 19. Nxd4 Bxg2 20. Kxg2 Qf6 21.
Rf3 Qg6 22. Nxc6 Bxb2 23. Qb3+ Rf7 24. Qxb2 Rxf3 25. Kxf3 Rf8+ 26. Kg2 Qe4+ 27. Kg1 Qxc6 28. Ne3 Nf6 29. Nf5 Kh7 30. Ne7 Qf3 31. Qc2+ Ne4 32. Rf1 Kg7 33. Nd5 Nxg3 34. Qb2+ Kh7 35. Qb1+ Kg7 36.
fxg3 Qxg3+ 37. Kh1 Qxh3+ 38. Kg1 Qg3+ 39. Kh1 Qh3+ 40.
Kg1 Qg3+ 41. Kh1 Qh3+ 1/2-1/2

[Event "*** Titled Tuesday Blitz"]
[Site "Chess.com"]
[Date "2020.12.29"]
[Round "10"]
[White "pastouche06"]
[Black "BulletMercenary"]
[Result "1-0"]
[WhiteElo "2512"]
[BlackElo "2346"]
[TimeControl "180+1"]
[EndTime "11:54:41 PST"]
[Termination "pastouche06 won by checkmate"]

1. d4 e6 2. c4 d5 3. Nc3 Nf6 4. cxd5 exd5 5. Bg5 Be7 6. e3 h6 7. Bh4 O-O 8. Bd3 Be6 9. Nge2 b6 10. O-O c5 11.
dxc5 bxc5 12. Rc1 Nc6 13. Bb1 Qd7 14. Na4 c4 15. b3 Rfd8 16. Bxf6 Bxf6 17. Nc5 Qe7 18.
Nxe6 Qxe6 19. Qc2 Ne5 20. Nd4 Qg4 21. Qh7+ Kf8 22. f3 Qh4 23. Nf5 g6 24. Nxh4 Ke7 25.
Nxg6+ Ke6 26. Nf4+ Ke7 27. bxc4 Rh8 28. Qf5 dxc4 29.
Nd5+ Kd6 30. Nxf6 Kc6 31. Qxe5 Kb6 32. Nd5+ Kb7 33. Qc7+ Ka6 34. Rxc4 Rab8 35. Ra4+ Kb5 36. Qc4# 1-0

[Event "*** Titled Tuesday Blitz"]
[Site "Chess.com"]
[Date "2020.12.29"]
[Round "10"]
[White "rynos0411"]
[Black "MumLookatMeNow"]
[Result "1-0"]
[WhiteElo "2366"]
[BlackElo "2508"]
[TimeControl "180+1"]
[EndTime "11:54:42 PST"]
[Termination "rynos0411 won by resignation"]

1. d4 Nf6 2. c4 g6 3. Nc3 Bg7 4. e4 d6 5. h3 O-O 6. Be3 c5 7. Nf3 Qa5 8. Qd2 e5 9. dxe5 dxe5 10. Nd5 Qxd2+ 11. Nxd2 Nxd5 12. cxd5 b6 13. Be2 f5 14. f3 Na6 15. a3 Nc7 16. Rc1 Ne8 17. O-O Nd6 18.
b4 cxb4 19. axb4 Bd7 20. Rc7 Rfd8 21. Bg5 Bb5 22. Bxd8 Rxd8 23. Bxb5 Nxb5 24. Rc4 Bh6 25. Nb3 Be3+ 26. Kh1 f4 27. Nc1 Bd4 28. Nd3 Rd7 29.
Rfc1 Kg7 30. Rc8 g5 31. Re8 Nd6 32. Re6 Nb5 33. Nxe5 Bxe5 34. Rxe5 a5 35. bxa5 bxa5 36. Ra1 Ra7 37. d6 Nxd6 38. Rxg5+ Kf6 39. Rgxa5 1-0

[Event "*** Titled Tuesday Blitz"]
[Site "Chess.com"]
[Date "2020.12.29"]
[Round "10"]
[White "Th3ChessViking"]
[Black "Kale36"]
[Result "0-1"]
[WhiteElo "2439"]
[BlackElo "2284"]
[TimeControl "180+1"]
[EndTime "11:54:42 PST"]
[Termination "Kale36 won by checkmate"]

1. f4 Nc6 2. Nf3 d6 3. e4 Bg4 4. Bc4 e6 5. h3 Bxf3 6. Qxf3 Nf6 7. O-O Be7 8. d3 O-O 9. Nc3 Nd4 10. Qf2 c5 11.
Be3 d5 12. exd5 exd5 13. Bb5 Nxb5 14. Nxb5 d4 15. Bc1 a6 16. Na3 b5 17. Nb1 Nd5 18. a4 Bd6 19. axb5 axb5 20. Rxa8 Qxa8 21. Na3 Qc6 22. Qf3 c4 23. Nb1 Rc8 24. Nd2 Ne3 25. dxc4 Nxf1 26. Qxf1 bxc4 27. Nf3 Bc5 28. Kh2 Qd5 29.
Ne5 Bd6 30. Nf3 d3 31. cxd3 cxd3 32. Bd2 h6 33. Qf2 g5 34. Qg3 Rc2 35. Qg4 Rxd2 36. Nxd2 Bxf4+ 37. g3 Bxd2 38. Qc8+ Kg7 39. Qc3+ Bxc3 40.
bxc3 d2 41. h4 d1=Q 42. c4 Q1h1# 0-1

[Event "*** Titled Tuesday Blitz"]
[Site "Chess.com"]
[Date "2020.12.29"]
[Round "10"]
[White "nitpicker"]
[Black "Loy_Konstantin"]
[Result "0-1"]
[WhiteElo "2247"]
[BlackElo "2383"]
[TimeControl "180+1"]
[EndTime "11:54:43 PST"]
[Termination "Loy_Konstantin won by resignation"]

1. d4 Nf6 2. c4 c5 3. d5 b5 4. cxb5 a6 5. bxa6 Bxa6 6. Nc3 g6 7. Nf3 d6 8. e4 Bxf1 9. Kxf1 Nbd7 10. g3 Bg7 11. Kg2 O-O 12. a4 Qb6 13. Qe2 Qa6 14. Qxa6 Rxa6 15. Re1 Ng4 16. Bg5 Re8 17. Nb5 Rb6 18. Ra2 h6 19. Bd2 Ra8 20. Rea1 c4 21. Nfd4 Nc5 22. f3 Ne5 23. Bc3 Ned3 24. Nc6 Kf8 25.
Bxg7+ Kxg7 26. Nxe7 Nb3 27. Nd4 Nxa1 28. Rxa1 Rxb2+ 29. Kg1 c3 30. Nec6 c2 31. Ne2 Rb1+ 0-1

[Event "*** Titled Tuesday Blitz"]
[Site "Chess.com"]
[Date "2020.12.29"]
[Round "10"]
[White "SanchezKelvin"]
[Black "A-S-00"]
[Result "0-1"]
[WhiteElo "2414"]
[BlackElo "2282"]
[TimeControl "180+1"]
[EndTime "11:54:44 PST"]
[Termination "A-S-00 won by resignation"]

1. d4 Nf6 2. c4 g6 3. Nf3 Bg7 4. g3 d6 5. Bg2 O-O 6. O-O Nbd7 7. Nc3 e5 8. e4 c6 9. Re1 Re8 10. h3 exd4 11. Nxd4 Nc5 12. Qc2 a5 13. Nb3 Ne6 14. Ne2 a4 15. Nbd4 Nc5 16. Nc3 Nfxe4 17. Nxe4 Bxd4 18.
Bg5 Qd7 19. Nf6+ Bxf6 20. Bxf6 Re6 21. Qc3 Nd3 22. Bh8 Ne5 23. Rad1 Kxh8 24. f4 Qe8 25.
fxe5 dxe5 26. h4 Re7 27. Re3 Bg4 28. Rde1 f6 29. Qb4 Rd8 30. c5 Rd4 31. Qc3 Qd7 32. Re4 Rxe4 33. Rxe4 Bf5 34. Re2 Re8 35. Rd2 Qe6 36.
Rd6 Qxa2 37. Rxf6 Kg7 38. Rd6 Qb1+ 39. Kh2 Be4 40. Qd2 Bxg2 41. Qxg2 Qf5 42. Qd2 Re7 43. Rd8 e4 44. Qd4+ Qe5 45. Qxe5+ Rxe5 46. Rd7+ Kf6 47. Rxb7 e3 48. Rb8 e2 49. Rf8+ Ke7 0-1

[Event "*** Titled Tuesday Blitz"]
[Site "Chess.com"]
[Date "2020.12.29"]
[Round "10"]
[White "Ladislav1969"]
[Black "PotapovaM"]
[Result "1-0"]
[WhiteElo "2413"]
[BlackElo "2520"]
[TimeControl "180+1"]
[EndTime "11:54:46 PST"]
[Termination "Ladislav1969 won by resignation"]

1. e4 c5 2. c3 Nf6 3. e5 Nd5 4. d4 d6 5. dxc5 dxc5 6. c4 Nb4 7. Qxd8+ Kxd8 8. Na3 N8c6 9. Nf3 Bg4 10. Be2 Bxf3 11. Bxf3 Nd3+ 12. Ke2 Ndxe5 13. Rd1+ Kc7 14. Bf4 f6 15.
Bxc6 bxc6 16. Bxe5+ fxe5 17. Nb1 e6 18. Nc3 Be7 19.
Ne4 Rad8 20. Rxd8 Rxd8 21. Rd1 Rd4 22. Rxd4 cxd4 23. c5 Kb7 24. Kd3 a5 25. Kc4 Ka6 26. b3 Kb7 27. a3 Ka6 28. b4 Bf6 29. f3 Be7 30. g4 h6 31. h3 Bh4 32. Nd6 Be1 33.
Ne8 axb4 34. axb4 d3 35. Kxd3 Kb5 36. Nc7+ Kxb4 37. Nxe6 g6 38. Ke4 Bc3 39. h4 Kc4 40. h5 gxh5 41. gxh5 Bd4 42. f4 Bxc5 43. Nxc5 Kxc5 44.
Kxe5 Kb4 45. f5 c5 46. f6 c4 47. f7 c3 48. f8=Q+ Kb3 49. Qb8+ 1-0

[Event "*** Titled Tuesday Blitz"]
[Site "Chess.com"]
[Date "2020.12.29"]
[Round "10"]
[White "guillembaches"]
[Black "Keures"]
[Result "1-0"]
[WhiteElo "2462"]
[BlackElo "2340"]
[TimeControl "180+1"]
[EndTime "11:54:46 PST"]
[Termination "guillembaches won by checkmate"]

1. e4 e6 2. d4 d5 3. exd5 exd5 4. Nf3 Nf6 5. Bd3 Bd6 6. O-O O-O 7. h3 h6 8. c4 c6 9. Nc3 Be6 10. c5 Bc7 11. Re1 Nbd7 12. Bd2 Re8 13. b4 a6 14. Qc2 Nf8 15. Ne5 N6d7 16. f4 f6 17. Ng6 Nxg6 18. Bxg6 Bf7 19. Bxf7+ Kxf7 20. Qf5 g6 21. Qg4 f5 22. Qf3 Nf6 23. Rxe8 Qxe8 24. Re1 Ne4 25. Nxe4 dxe4 26. Qe2 Qe6 27. a4 Rd8 28. Be3 Qb3 29.
b5 axb5 30. axb5 cxb5 31. Rc1 b6 32. c6 Rd6 33. Kf2 Qd5 34. Qc2 b4 35. Qa4 b5 36.
Qa6 Ke6 37. Qb7 Bd8 38. Qc8+ Kf6 39. c7 Bxc7 40. Rxc7 Qa2+ 41. Kg3 g5 42. Qf8+ Kg6 43.
Qxd6+ Kh5 44. fxg5 Qe2 45. Qxh6# 1-0

[Event "*** Titled Tuesday Blitz"]
[Site "Chess.com"]
[Date "2020.12.29"]
[Round "10"]
[White "AlphaZ3r0"]
[Black "j2806"]
[Result "1-0"]
[WhiteElo "2332"]
[BlackElo "1975"]
[TimeControl "180+1"]
[EndTime "11:54:46 PST"]
[Termination "AlphaZ3r0 won by resignation"]

1. Nf3 d5 2. c4 e6 3. b3 Nf6 4. e3 Be7 5. Bb2 O-O 6. Nc3 c5 7. cxd5 exd5 8. d4 Nc6 9. Be2 b6 10. O-O Bb7 11. dxc5 bxc5 12. Rc1 Rc8 13. Na4 Nb4 14.
a3 Na6 15. Ne5 Nd7 16. Bg4 Nab8 17. Qd2 f5 18. Bf3 Nxe5 19. Bxe5 Kh8 20. Rfd1 Nd7 21. Bxd5 Bxd5 22. Qxd5 Nxe5 23. Qxe5 Qe8 24. Nxc5 Bxc5 25. Rxc5 Qxe5 26. Rxe5 Rc3 27. Rxf5 Rb8 28. Rb5 Rbc8 29.
g3 Kg8 30. Rb7 Rc1 31. Rxc1 Rxc1+ 32. Kg2 Rc3 33. a4 a5 34. h4 Kf8 35. h5 h6 36.
g4 Rc5 37. f4 Rc3 38. Kf3 Rc5 39. Ke4 Kg8 40. Rb5 Rc3 41. g5 hxg5 42. fxg5 Kh8 43. g6 1-0

[Event "*** Titled Tuesday Blitz"]
[Site "Chess.com"]
[Date "2020.12.29"]
[Round "10"]
[White "AlleyOoper"]
[Black "area_5"]
[Result "0-1"]
[WhiteElo "2616"]
[BlackElo "2776"]
[TimeControl "180+1"]
[EndTime "11:54:50 PST"]
[Termination "area_5 won by resignation"]

1. d4 Nf6 2. Nc3 g6 3. e4 d6 4. Nf3 Bg7 5. Bc4 O-O 6. O-O c6 7. e5 dxe5 8. dxe5 Nfd7 9. e6 fxe6 10. Bxe6+ Kh8 11. Ng5 Qe8 12. Qd3 Nf6 13. Qh3 Na6 14.
Bxc8 Qxc8 15. Ne6 Rg8 16. Re1 Nc7 17. Bf4 Nxe6 18. Qxe6 Qxe6 19. Rxe6 Rge8 20. Rae1 Ng8 21. Ne4 Bxb2 22. c3 Kg7 23. Be5+ Kh6 24. Re3 Nf6 25.
Nxf6 exf6 26. Bxf6 g5 27. Be7+ Kg7 28. Bxg5 Rxe6 29.
Rxe6 Bxc3 30. Re7+ Kg6 31. Be3 b5 32. Rc7 b4 33. Rxc6+ Kf5 34. f3 a5 35. g4+ Ke5 36. Rc5+ Kd6 37. Rc4 Kd5 38. Rc7 a4 39. Rb7 b3 40.
axb3 a3 41. Rd7+ Ke6 42. Rd1 a2 43. Kf2 a1=Q 44. Rxa1 Rxa1 45. f4 Rb1 46. Kf3 Rxb3 47.
f5+ Kf7 48. h4 Bd4 0-1

[Event "*** Titled Tuesday Blitz"]
[Site "Chess.com"]
[Date "2020.12.29"]
[Round "10"]
[White "szachuspl"]
[Black "ZiggyStardust64"]
[Result "1-0"]
[WhiteElo "2504"]
[BlackElo "2662"]
[TimeControl "180+1"]
[EndTime "11:54:50 PST"]
[Termination "szachuspl won by resignation"]

1. d4 d5 2. c4 e6 3. Nc3 Nf6 4. Nf3 c5 5. cxd5 cxd4 6. Nxd4 Nxd5 7. Bd2 Be7 8. e4 Nf6 9. Be3 O-O 10. Be2 Bb4 11. f3 Qa5 12. Qb3 Nbd7 13. O-O Nc5 14. Qc2 Bd7 15. Rfc1 Rac8 16. a3 Bxc3 17. Qxc3 Qxc3 18.
Rxc3 Na4 19. Rb3 Nc5 20. Rc3 Na4 21. Rxc8 Rxc8 22. b3 Nc3 23. Bf1 e5 24. Nf5 Bxf5 25. exf5 b6 26. Rc1 Nfd5 27. Bd2 Rc7 28. Bc4 Na2 29. Re1 Nf6 30. Ra1 b5 31. Bxb5 Rc2 32. Rd1 h6 33. Be3 Kh7 34. Bc4 e4 35. Bxa7 Nc3 36.
Re1 exf3 37. gxf3 Nh5 38. f6 Nxf6 39. Bd3+ 1-0

[Event "*** Titled Tuesday Blitz"]
[Site "Chess.com"]
[Date "2020.12.29"]
[Round "10"]
[White "norwaytoadog"]
[Black "FishThatRoared"]
[Result "1-0"]
[WhiteElo "2198"]
[BlackElo "2111"]
[TimeControl "180+1"]
[EndTime "11:54:50 PST"]
[Termination "norwaytoadog won on time"]

1. e4 c5 2. Nf3 d6 3. Bb5+ Bd7 4. Bxd7+ Qxd7 5. O-O Nc6 6. Qe2 Nf6 7. Rd1 e6 8. d4 cxd4 9. Nxd4 Be7 10. c4 O-O 11.
Nc3 Rac8 12. b3 a6 13. Bb2 Nxd4 14. Rxd4 Qc7 15. Rad1 Rfd8 16. R4d3 Qc5 17. Na4 Qc7 18. Bd4 Qc6 19. Nb6 Rb8 20. a4 Nxe4 21. Rh3 Nf6 22. Rg3 e5 23. Be3 d5 24. Nxd5 Nxd5 25. cxd5 Rxd5 26.
Rc1 Qd7 27. h3 Rc8 28. Rxc8+ Qxc8 29. Qh5 Qe6 30. Rg4 g6 31. Qh6 Bf8 32. Qh4 Rd3 33. Rc4 Rxb3 34. Rc7 e4 35. Qd8 1-0

[Event "*** Titled Tuesday Blitz"]
[Site "Chess.com"]
[Date "2020.12.29"]
[Round "10"]
[White "DanielNaroditsky"]
[Black "GMHess"]
[Result "0-1"]
[WhiteElo "3111"]
[BlackElo "2895"]
[TimeControl "180+1"]
[EndTime "11:54:51 PST"]
[Termination "GMHess won by resignation"]

1. e4 e5 2. Nf3 Nc6 3. Bb5 Nf6 4.
O-O Nxe4 5. d4 Nd6 6. Ba4 e4 7. Ne5 Be7 8. Nc3 O-O 9. Re1 Bf6 10. Bf4 Nf5 11. Rxe4 Nfxd4 12. Ng4 Ne6 13. Nd5 Bxb2 14.
Rb1 f5 15. Rc4 fxg4 16. Rxb2 Nxf4 17. Nxf4 Qf6 18. Rb5 d6 19. h3 Ne5 20. Rd4 gxh3 21. Bb3+ Kh8 22. Qh5 Bg4 23. Rxe5 Bxh5 24. Rxh5 Qxf4 25.
Rxf4 Rxf4 26. Rxh3 Raf8 27. f3 c6 28. c3 d5 29. Bc2 h6 30. Rh5 Rc4 31. Re5 Rxc3 32.
Bg6 d4 33. Re7 c5 34. Rxb7 c4 35. Rxa7 d3 36. Rd7 Rc2 37. a4 Ra2 38. Kh2 d2 39. Bb1 Ra1 40. Bc2 c3 41. Rd3 Rc1 42. Bb3 Rb1 43. Bc2 Rb2 44. Bd1 c2 45. Rxd2 c1=Q 46.
Rd7 Qf4+ 0-1

[Event "*** Titled Tuesday Blitz"]
[Site "Chess.com"]
[Date "2020.12.29"]
[Round "10"]
[White "Natalya_Buksa"]
[Black "IMUffeVinther-Schou"]
[Result "1-0"]
[WhiteElo "2549"]
[BlackElo "2408"]
[TimeControl "180+1"]
[EndTime "11:54:51 PST"]
[Termination "Natalya_Buksa won on time"]

1. d4 Nf6 2. Nc3 e6 3. a3 d5 4. Bf4 Bd6 5. e3 O-O 6. Qf3 c5 7. g4 cxd4 8. exd4 Nc6 9. O-O-O e5 10. dxe5 Bxg4 11. Qg3 Bxd1 12. exf6 Bxf4+ 13. Qxf4 Bh5 14. fxg7 Re8 15. Bd3 Re1+ 16. Kd2 Qe7 17. Nce2 Rb1 18. h4 Ne5 19. Rh3 Nc4+ 20. Bxc4 dxc4 21. Kc3 Rd8 22. Re3 Qd7 23. Re5 Bg6 24. Nf3 Bxc2 25. Ned4 Bg6 26. h5 Bd3 27. Qf6 a6 28. Re7 Qd5 29. Qe5 Rc1+ 30.
Kd2 Qxe5 31. Nxe5 Rf1 32. Ke3 Kxg7 33. Rxf7+ Kh6 34. Ne6 Kxh5 35. Rxh7+ 1-0

[Event "*** Titled Tuesday Blitz"]
[Site "Chess.com"]
[Date "2020.12.29"]
[Round "10"]
[White "FMalexhdez"]
[Black "MuhittinBuker"]
[Result "1/2-1/2"]
[WhiteElo "2264"]
[BlackElo "2124"]
[TimeControl "180+1"]
[EndTime "11:54:51 PST"]
[Termination "Game drawn by repetition"]

1. e4 e5 2. Nf3 Nc6 3. Bc4 Nf6 4. d3 Bc5 5. c3 a6 6. Nbd2 d6 7. Bb3 O-O 8. Qe2 h6 9. h3 Be6 10. g4 Bxb3 11. axb3 Nh7 12. Nf1 d5 13. Ng3 dxe4 14. dxe4 Be7 15. h4 Qc8 16. Nf5 Bc5 17. Rg1 Qe6 18. h5 f6 19. N3h4 Rfd8 20. Ng6 Qxb3 21.
Nxh6+ gxh6 22. Bxh6 Qb5 23. Qf3 Qd3 24. Qf5 Qc2 25. Nh4 Bxf2+ 26. Qxf2 Qxf2+ 27. Kxf2 Ng5 28. Bxg5 fxg5 29. Ke3 gxh4 30. g5 Rd7 31. h6 Kh7 32. Raf1 Rad8 33. Rf6 Rd3+ 34. Ke2 Rd2+ 35. Kf1 h3 36.
g6+ Kh8 37. g7+ Kh7 38. Rf8 Rd1+ 39. Kf2 R8d2+ 40. Ke3 Rd3+ 41. Ke2 R1d2+ 42. Ke1 Rd1+ 43. Ke2 R1d2+ 44. Ke1 Rd1+ 45. Ke2 1/2-1/2

[Event "*** Titled Tuesday Blitz"]
[Site "Chess.com"]
[Date "2020.12.29"]
[Round "10"]
[White "Lady_Nika"]
[Black "Mikhail_Golubev"]
[Result "0-1"]
[WhiteElo "2330"]
[BlackElo "2514"]
[TimeControl "180+1"]
[EndTime "11:54:53 PST"]
[Termination "Mikhail_Golubev won by checkmate"]

1. d4 Nf6 2. e3 g6 3. f4 Bg7 4.
Nf3 O-O 5. c3 d6 6. Be2 Nbd7 7.
O-O Re8 8. Na3 e5 9. Nc2 exf4 10. exf4 Nf8 11. Bd3 b6 12. Bd2 Bb7 13. Re1 Qd7 14. Rxe8 Rxe8 15. Qf1 Be4 16. Re1 Qf5 17. Bxe4 Rxe4 18.
Rxe4 Qxe4 19. Nce1 Ne6 20. Qd3 Qd5 21. h3 Qxa2 22.
b4 a5 23. f5 Nf8 24. fxg6 hxg6 25. bxa5 bxa5 26. Bg5 a4 27. Qc2 Qxc2 28. Nxc2 Nd5 29.
Bd2 Nb6 30. Bc1 Nfd7 31. Nd2 Nf6 32. c4 d5 33. c5 Nc4 34. Nxc4 dxc4 35. Kf2 Nd5 36. Bb2 Kf8 37. Kf3 Ke8 38. Na3 c3 39. Bc1 Kd7 40. Ke4 Nb4 41. Nc4 f5+ 42. Kf3 Bxd4 43.
Ba3 Bxc5 44. Ke2 Ke6 45. Kd1 Kd5 46. Bxb4 Kxc4 47. Bxc5 Kxc5 48. Kc2 Kb4 49. g3 a3 50. Kb1 Kb3 51. g4 a2+ 52. Kc1 a1=R# 0-1

[Event "*** Titled Tuesday Blitz"]
[Site "Chess.com"]
[Date "2020.12.29"]
[Round "10"]
[White "GM4life"]
[Black "Homino"]
[Result "1-0"]
[WhiteElo "2441"]
[BlackElo "2298"]
[TimeControl "180+1"]
[EndTime "11:54:53 PST"]
[Termination "GM4life won on time"]

1. e4 c5 2. Nf3 Nc6 3. d4 cxd4 4. Nxd4 g6 5. c4 Nf6 6. Nc3 Nxd4 7. Qxd4 d6 8. Be2 Bg7 9. Bg5 O-O 10. Qd2 Be6 11. Rd1 a5 12. b3 a4 13. e5 dxe5 14. Qxd8 Rfxd8 15. Rxd8+ Rxd8 16. Nxa4 Kf8 17. O-O Ne4 18. Be3 f5 19. f3 Nd6 20. Bb6 Ra8 21. Nc5 Bf7 22. a4 Bh6 23. Kf2 Bd2 24. Nd7+ Ke8 25. Nxe5 Be6 26. c5 Nf7 27. Bb5+ Kf8 28. Rd1 Bc3 29. Nd7+ Kg7 30. Rd3 Bb4 31. Re3 Bxd7 32. Bxd7 e5 33. Rd3 Kf6 34. Bb5 Rc8 35. Rd5 e4 36. Bd7 Ra8 37. fxe4 fxe4 38. Rd4 e3+ 39. Kxe3 Ba3 40. Re4 Ne5 41. Bb5 Nc6 42. Bxc6 bxc6 43.
Kd2 Bb2 44. Kc2 Be5 45. a5 Bxh2 46. Rh4 Be5 47. Rxh7 1-0

[Event "*** Titled Tuesday Blitz"]
[Site "Chess.com"]
[Date "2020.12.29"]
[Round "10"]
[White "Rytenko_V"]
[Black "Andrakhanova"]
[Result "1-0"]
[WhiteElo "2426"]
[BlackElo "2262"]
[TimeControl "180+1"]
[EndTime "11:54:53 PST"]
[Termination "Rytenko_V won by resignation"]

1. d4 d5 2. Nf3 c6 3. Bg5 h6 4. Bh4 Nf6 5. e3 Bf5 6. c4 e6 7. Nc3 Be7 8. Bd3 Bxd3 9. Qxd3 dxc4 10.
Qxc4 Nbd7 11. O-O O-O 12. Rfd1 a5 13. e4 Re8 14. Qe2 Nh5 15. Bg3 Nxg3 16. hxg3 Qb6 17. Rac1 a4 18. a3 c5 19. d5 exd5 20. Nxd5 Qa5 21.
Qc2 Bd6 22. Rd2 Rac8 23. Rcd1 Ne5 24. Nf6+ gxf6 25. Rxd6 Nxf3+ 26. gxf3 Kg7 27. Kg2 b5 28. Qc1 Qc7 29. Qf4 Re6 30. Qg4+ Kf8 31. Rd7 Qe5 32. R1d5 Qxb2 33. Qh5 Re7 34. Qxh6+ 1-0